 Dungeon Crawl Stone Soup version 0.21.1-1-g345015f (webtiles) character file.

744 tidbits the Charmwright (level 7, -8/56 HPs)
             Began as a Gnoll Skald on June 29, 2018.
             Mangled by Menkaure (24 damage)
             ... on level 7 of the Dungeon.
             The game lasted 00:07:09 (671 turns).

tidbits the Charmwright (Gnoll Skald)                Turns: 671, Time: 00:07:09

Health: -8/56      AC:  3    Str: 13    XL:     7   Next: 76%
Magic:  10/15      EV: 20    Int: 18    God:
Gold:   27         SH:  4    Dex: 14    Spells: 6/17 levels left

rFire    . . .     SeeInvis .   g - +0 war axe
rCold    . . .     Gourm    .   D - +0 buckler
rNeg     . . .     Faith    .   b - +0 leather armour
rPois    .         Spirit   .   (no helmet)
rElec    .         Reflect  .   (no cloak)
rCorr    .         Harm     .   (no gloves)
MR       .....                  (no boots)
Stlth    ++........             (no amulet)
HPRegen  0.18/turn              V - +6 ring of evasion
MPRegen  0.14/turn              (no ring)

@: no status effects
A: distributed training, fangs 1, strong nose
a: no special abilities


You were on level 7 of the Dungeon.
You were not hungry.

You visited 1 branch of the dungeon, and saw 7 of its levels.

You collected 27 gold pieces.

Inventory:

Hand Weapons
 a - a +0 hand axe
 g - a +0 war axe (weapon)
 i - a +0 dire flail
Armour
 b - a +0 leather armour (worn)
 o - a +0 helmet
 D - a +0 buckler (worn)
Magical Staves
 q - an uncursed staff of fire {unknown}
   (You found it on level 6 of the Dungeon)
Jewellery
 V - a +6 ring of evasion (left hand)
   (You found it on level 6 of the Dungeon)
Wands
 p - a wand of polymorph (31)
 r - a wand of enslavement (9)
Scrolls
 e - 2 scrolls of teleportation
 f - 2 scrolls of remove curse
 n - a scroll of amnesia
Potions
 h - a potion of haste
 j - a potion of magic
 k - a potion of might
 l - a potion of mutation {unknown}
 m - a potion of curing {unknown}
 s - a potion of cancellation
Books
 c - a book of Battle

   Spells                             Type                      Level
   a - Infusion                       Charms                       1
   b - Shroud of Golubria             Charms/Translocation         2
   c - Song of Slaying                Charms                       2
   d - Spectral Weapon                Hexes/Charms                 3
   e - Regeneration                   Charms/Necromancy            3
Comestibles
 d - 9 rations


   Skills:
 + Level 5.3 Fighting
 + Level 2.6 Short Blades
 + Level 2.6 Long Blades
 + Level 5.3 Axes
 + Level 2.6 Maces & Flails
 + Level 2.6 Polearms
 + Level 2.6 Staves
 + Level 2.6 Slings
 + Level 2.6 Bows
 + Level 2.6 Crossbows
 + Level 2.6 Throwing
 + Level 3.7 Armour
 + Level 5.3 Dodging
 + Level 2.6 Stealth
 + Level 2.6 Shields
 + Level 2.6 Unarmed Combat
 + Level 5.7 Spellcasting
 + Level 2.1 Conjurations
 + Level 2.1 Hexes
 + Level 5.9 Charms
 + Level 2.1 Summonings
 + Level 2.1 Necromancy
 + Level 2.1 Translocations
 + Level 2.1 Transmutations
 + Level 2.1 Fire Magic
 + Level 2.1 Ice Magic
 + Level 2.1 Air Magic
 + Level 2.1 Earth Magic
 + Level 2.1 Poison Magic
 + Level 2.9 Invocations
 + Level 2.6 Evocations


You had 6 spell levels left.
You knew the following spells:

 Your Spells              Type           Power        Failure   Level  Hunger
g - Shroud of Golubria    Chrm/Tloc      ###.......   5%          2    None
i - Infusion              Chrm           ####         1%          1    None
r - Regeneration          Chrm/Necr      ###.......   11%         3    ##.....
w - Spectral Weapon       Hex/Chrm       ###.....     11%         3    ##.....
y - Song of Slaying       Chrm           ####....     2%          2    None


Dungeon Overview and Level Annotations

Branches:
Dungeon (7/15)
 Temple: D:4-7

Altars:
Xom
Zin

Annotations:
D:7 Menkaure


Innate Abilities, Weirdness & Mutations

Your experience applies equally to all skills.
You have very sharp teeth.
Your uncanny sense of smell can sniff out nearby items.


Message History

The jackal moves out of view.
The helpless orc fails to defend itself.
You hit the orc.
The orc is severely wounded.
The orc closely misses you.
Casting: Regeneration
Confirm with . or Enter, or press ? or * to list all spells.
You start singing a song of slaying.
You hear a bark!
You block the orc's attack.
Your leather armour prevents you from hitting the orc.
Your bite misses the orc.
The orc is severely wounded.
You block the orc's attack.
You hit the orc.
You kill the orc!
Unknown command.
Things that are here:
a hand axe; an orc corpse
Casting: Song of Slaying
Confirm with . or Enter, or press ? or * to list all spells.
You draw out your weapon's spirit!
A jackal comes into view.
A jackal comes into view.
The jackal closely misses you.
Unknown command.
You closely miss the jackal. You hit the jackal but do no damage.
Your spectral weapon hits the jackal but does no damage.
The jackal completely misses you. The jackal barely misses you.
A jackal comes into view.
Your shield prevents you from hitting the jackal.
You closely miss the jackal.
The jackal barks!
Your spectral weapon hits the jackal!
You kill the jackal!
The jackal bites you. The jackal completely misses you.
You slash the jackal!
You kill the jackal!
You barely miss the jackal. The jackal misses you.
You block the jackal's attack.
You hit the jackal.
The jackal is severely wounded.
Your spectral weapon closely misses the jackal.
The jackal barely misses you.
You swap places.
The jackal closely misses you. The jackal misses you. x2
Found a scroll of identify.
You see here a jackal corpse.
You hit the jackal.
You kill the jackal!
You barely miss the jackal. The jackal barely misses you.
You hit the jackal.
You kill the jackal!
You see here a bubbling sapphire potion.
m - a bubbling sapphire potion Your song is almost over.
Your spectral weapon fades away.
You see here a scroll of identify.
As you read the scroll of identify, it crumbles to dust.
s - a potion of cancellation Your song has ended.
Found an escape hatch in the ceiling.
Unknown command.
Things that are here:
23 sling bullets; a wand of polymorph (18)
p - a wand of polymorph (31) (gained 18 charges)
There is an open door here.
A howler monkey zombie comes into view.
Casting: Spectral Weapon
Confirm with . or Enter, or press ? or * to list all spells.
You draw out your weapon's spirit!
The howler monkey zombie hits you.
There is a stone staircase leading down here.
You hit the howler monkey zombie.
The howler monkey zombie is lightly damaged.
Your spectral weapon hits the howler monkey zombie!
The howler monkey zombie barely misses you.
You slash the howler monkey zombie!
You destroy the howler monkey zombie!
You climb downwards.
Your summoned ally is left behind.
Your spectral weapon fades away.
Menkaure, Prince of Dust comes into view.
Menkaure shouts!
Found a scroll of teleportation.
There is a stone staircase leading up here.
Unknown command.
Found an escape hatch in the floor.
Found a stone staircase leading up.
Casting: Spectral Weapon
Confirm with . or Enter, or press ? or * to list all spells.
You draw out your weapon's spirit!
Menkaure calls on the powers of darkness!
Your body is wracked with pain!
You closely miss Menkaure.
Your spectral weapon hits Menkaure.
Menkaure calls on the powers of darkness!
Your body is wracked with pain!
* * * LOW HITPOINT WARNING * * *
You hit Menkaure but do no damage. You bite Menkaure, but do no damage.
Menkaure is lightly damaged.
Your spectral weapon hits Menkaure.
Menkaure hits you!!
You die...

.#.#..#.# .....#.
...... ## #.... ..
.... ###.#..####
.#.........#
.......@##.#
##.....M(..#
.<......#.##
......#...<#
......#.......?..#
.##..##......#####
>... #.###### ##.#
#.. .#


You could see Menkaure and a friendly spectral war axe.

Vanquished Creatures
  A sky beast (D:5)
  3 ice beasts
  A centaur (D:6)
  A bullfrog (D:6)
  A crimson imp (D:4)
  A hound (D:5)
  An iguana (D:6)
  2 worker ants
  A howler monkey zombie (D:6)
  4 adders
  A shadow imp (D:5)
  3 worms
  A dart slug (D:2)
  A leopard gecko (D:3)
  An orc (D:6)
  2 ball pythons
  4 bats (D:2)
  A giant cockroach (D:5)
  2 goblins
  2 hobgoblins (D:2)
  7 jackals
  A quokka (D:6)
  A frilled lizard (D:2)
  A leopard gecko skeleton (D:6)
  A rat (D:2)
45 creatures vanquished.

Notes
Turn   | Place    | Note
-------+----------+-------------------------------------------
     0 | D:1      | tidbits the Gnoll Skald began the quest for the Orb.
     0 | D:1      | Reached XP level 1. HP: 20/20 MP: 6/6
    94 | D:2      | Reached XP level 2. HP: 20/26 MP: 3/7
   136 | D:2      | Reached XP level 3. HP: 20/31 MP: 1/9
   140 | D:2      | Learned a level 2 spell: Song of Slaying
   143 | D:2      | Learned a level 2 spell: Shroud of Golubria
   147 | D:2      | Learned a level 3 spell: Regeneration
   151 | D:2      | Learned a level 3 spell: Spectral Weapon
   220 | D:4      | Found a shimmering altar of Xom.
   220 | D:4      | Noticed an angel
   229 | D:4      | Reached skill level 5 in Spellcasting
   234 | D:4      | Found a glowing silver altar of Zin.
   241 | D:4      | Reached skill level 1 in Invocations
   270 | D:4      | Reached skill level 1 in Short Blades
   270 | D:4      | Reached skill level 1 in Long Blades
   270 | D:4      | Reached skill level 1 in Maces & Flails
   270 | D:4      | Reached skill level 1 in Polearms
   270 | D:4      | Reached skill level 1 in Staves
   270 | D:4      | Reached skill level 1 in Slings
   270 | D:4      | Reached skill level 1 in Bows
   270 | D:4      | Reached skill level 1 in Crossbows
   270 | D:4      | Reached skill level 1 in Throwing
   270 | D:4      | Reached skill level 1 in Stealth
   270 | D:4      | Reached skill level 1 in Shields
   270 | D:4      | Reached skill level 1 in Unarmed Combat
   270 | D:4      | Reached skill level 1 in Evocations
   270 | D:4      | Reached XP level 4. HP: 23/38 MP: 7/11
   274 | D:5      | Entered Level 5 of the Dungeon
   278 | D:5      | Noticed a sky beast
   283 | D:5      | Reached skill level 1 in Conjurations
   283 | D:5      | Reached skill level 1 in Hexes
   283 | D:5      | Reached skill level 1 in Summonings
   283 | D:5      | Reached skill level 1 in Necromancy
   283 | D:5      | Reached skill level 1 in Translocations
   283 | D:5      | Reached skill level 1 in Transmutations
   283 | D:5      | Reached skill level 1 in Fire Magic
   283 | D:5      | Reached skill level 1 in Ice Magic
   283 | D:5      | Reached skill level 1 in Air Magic
   283 | D:5      | Reached skill level 1 in Earth Magic
   283 | D:5      | Reached skill level 1 in Poison Magic
   288 | D:5      | Killed a sky beast
   288 | D:5      | Reached skill level 3 in Armour
   288 | D:5      | Reached XP level 5. HP: 11/43 MP: 4/12
   330 | D:5      | Reached skill level 2 in Invocations
   330 | D:5      | Reached XP level 6. HP: 30/50 MP: 2/13
   369 | D:5      | Noticed an ice beast
   375 | D:5      | Killed an ice beast
   375 | D:5      | Reached skill level 5 in Fighting
   375 | D:5      | Reached skill level 2 in Short Blades
   375 | D:5      | Reached skill level 2 in Long Blades
   375 | D:5      | Reached skill level 5 in Axes
   375 | D:5      | Reached skill level 2 in Maces & Flails
   375 | D:5      | Reached skill level 2 in Polearms
   375 | D:5      | Reached skill level 2 in Staves
   375 | D:5      | Reached skill level 2 in Slings
   375 | D:5      | Reached skill level 2 in Bows
   375 | D:5      | Reached skill level 2 in Crossbows
   375 | D:5      | Reached skill level 2 in Throwing
   375 | D:5      | Reached skill level 5 in Dodging
   375 | D:5      | Reached skill level 2 in Stealth
   375 | D:5      | Reached skill level 2 in Shields
   375 | D:5      | Reached skill level 2 in Unarmed Combat
   375 | D:5      | Reached skill level 2 in Evocations
   492 | D:6      | Reached XP level 7. HP: 56/56 MP: 7/15
   546 | D:6      | Reached skill level 2 in Conjurations
   546 | D:6      | Reached skill level 2 in Hexes
   546 | D:6      | Reached skill level 2 in Summonings
   546 | D:6      | Reached skill level 2 in Necromancy
   546 | D:6      | Reached skill level 2 in Translocations
   546 | D:6      | Reached skill level 2 in Transmutations
   546 | D:6      | Reached skill level 2 in Fire Magic
   546 | D:6      | Reached skill level 2 in Ice Magic
   546 | D:6      | Reached skill level 2 in Air Magic
   546 | D:6      | Reached skill level 2 in Earth Magic
   546 | D:6      | Reached skill level 2 in Poison Magic
   665 | D:7      | Noticed Menkaure
   671 | D:7      | Mangled by Menkaure

Skill      XL: |  1  2  3  4  5  6  7 |
---------------+----------------------+-----
Spellcasting   | 5 |  5.7
Invocations    | 1 2 |  2.9
Short Blades   | 1 2 |  2.6
Long Blades    | 1 2 |  2.6
Maces & Flails | 1 2 |  2.6
Polearms       | 1 2 |  2.6
Staves         | 1 2 |  2.6
Slings         | 1 2 |  2.6
Bows           | 1 2 |  2.6
Crossbows      | 1 2 |  2.6
Throwing       | 1 2 |  2.6
Stealth        | 1 2 |  2.6
Shields        | 1 2 |  2.6
Unarmed Combat | 1 2 |  2.6
Evocations     | 1 2 |  2.6
Conjurations   | 1 2 |  2.1
Hexes          | 1 2 |  2.1
Summonings     | 1 2 |  2.1
Necromancy     | 1 2 |  2.1
Translocations | 1 2 |  2.1
Transmutations | 1 2 |  2.1
Fire Magic     | 1 2 |  2.1
Ice Magic      | 1 2 |  2.1
Air Magic      | 1 2 |  2.1
Earth Magic    | 1 2 |  2.1
Poison Magic   | 1 2 |  2.1
Armour         | 3 |  3.7
Fighting       | 5 |  5.3
Axes           | 5 |  5.3
Dodging        | 5 |  5.3
Charms         | |  5.9

Action                   |  1- 3 |  4- 6 |  7- 9 || total
-------------------------+-------+-------+-------++-------
Melee: Hand axe          |    15 |       |       ||    15
       War axe           |    20 |    24 |    33 ||    77
       Bite              |     3 |     1 |     2 ||     6
 Cast: Infusion          |     2 |       |       ||     2
       Spectral Weapon   |     2 |     6 |     4 ||    12
       Song of Slaying   |     1 |     3 |     1 ||     5
       Shroud of Golubri |       |     2 |     1 ||     3
       Regeneration      |       |     1 |     1 ||     2
Evoke: Wand              |       |       |     1 ||     1
  Use: Scroll            |       |     7 |     1 ||     8
 Stab: Sleeping          |       |       |     1 ||     1
Armor: Leather armour    |    12 |     2 |     3 ||    17
Dodge: Dodged            |    42 |    15 |    28 ||    85
Block: Buckler           |       |     3 |     4 ||     7

Table legend:
 A = Turns spent in this place as a percentage of turns spent in the entire game.
 B = Non-inter-level travel turns spent in this place as a percentage of non-inter-level travel turns spent in the entire game.
 C = Inter-level travel turns spent in this place as a percentage of turns spent in this place.
 D = Turns resting spent in this place as a percentage of non-inter-level travel turns spent in this place.
 E = Turns spent auto-exploring this place as a percentage of non-inter-level travel turns spent in this place.
 F = Non-inter-level travel turns spent in this place divided by the number of levels of this place that you've seen.
                   A       B       C       D       E      F
               +-------+-------+-------+-------+-------+----------------------
         Total | 100.0 | 100.0 |   0.0 |   0.0 |   0.0 |  95.9
       Dungeon | 100.0 | 100.0 |   0.0 |   0.0 |   0.0 |  95.9
               +-------+-------+-------+-------+-------+----------------------

Table legend:
 A = Kills in this place as a percentage of kills in entire the game.
 B = Kills by you in this place as a percentage of kills by you in the entire game.
 C = Kills by friends in this place as a percentage of kills by friends in the entire game.
 D = Other kills in this place as a percentage of other kills in the entire game.
 E = Experience gained in this place as a percentage of experience gained in the entire game.
 F = Experience gained in this place divided by the number of levels of this place that you have seen.
                   A       B       C       D       E      F
               +-------+-------+-------+-------+-------+----------------------
         Total | 100.0 | 100.0 |   N/A |   N/A | 100.0 | 152.0
       Dungeon | 100.0 | 100.0 |   N/A |   N/A | 100.0 | 152.0
               +-------+-------+-------+-------+-------+----------------------

Vault maps used:
D:1:      dpeg_arrival_chambers_temple_mockup, st_stairs_3
D:2:      cheibrodos_helix_gallery, yredelemnul_altar_generic
D:3:      chequers_temple_overflow_minitemple, first_ration, uniq_jessica,
          uniq_purgy
D:4:      grunt_temple_overflow_order_and_chaos_1, kennysheep_little_box,
          serial_bayou_pond_c, minmay_misc_feat_diagonals
D:5:      minmay_temple_entry_statues_pillars, basic_altar,
          cheibrodos_sewer_entry_drain
D:6:      lemuel_round_altar
D:7:      serial_shops, shop, basic_altar, uniq_menkaure, uniq_duvessa,
          uniq_crazy_yiuf_cottage, uniq_prince_ribbit1
